 Dungeon Crawl Stone Soup version 0.32-a0-953-g508020473e (webtiles) character file.

Game seed: 2785451892366486492

337 bananaken the Shooter (level 6, 0/48 HPs)
             Began as a Coglin Hunter on Apr 17, 2024.
             Slain by an iguana (8 damage)
             ... on level 5 of the Dungeon.
             The game lasted 00:06:07 (2149 turns).

bananaken the Shooter (Coglin Hunter)               Turns: 2149, Time: 00:06:08

Health: 0/48       AC:  4    Str: 13      XL:     6   Next: 54%
Magic:  6/6        EV: 12    Int:  9      God:
Gold:   249        SH:  0    Dex: 16 (17) Spells: 5/5 levels left

rFire   + . .        a - +2 sling {Qiang}
rCold   + . .        g - +1 dagger (venom) {Sanghe}
rNeg    . . .        c - +0 leather armour
rPois   +            (no helmet)
rElec   +            (no cloak)
rCorr   +            s - +0 pair of gloves
SInv    .            (no boots)
Will    .....        (amulet unavailable)
Stlth   ++           (ring unavailable)
HPRegen 0.28/turn    (ring unavailable)
MPRegen 0.10/turn    (no gizmo)

%: no passive effects
@: brilliant, resistant, revved
A: off-hand wielding, slow wielding, warmup strikes, no jewellery
a: Invent Gizmo


You were on level 5 of the Dungeon.
You visited 1 branch of the dungeon, and saw 5 of its levels.
You also visited: Sewer.

You collected 249 gold pieces.

Inventory:

Hand Weapons
 a - a +2 sling (weapon) {Qiang}
 d - a +0 sling {Luis}
 g - a +1 dagger of venom (offhand) {Sanghe}
Armour
 c - a +0 leather armour (worn)
 s - a +0 pair of gloves (worn)
Scrolls
 b - a scroll of fog
 e - 2 scrolls of identify
 f - 2 scrolls of teleportation
 m - a scroll of vulnerability
 r - a scroll of enchant weapon {unknown}
 u - a scroll of immolation {unknown}


   Skills:
 + Level 4.0 Fighting
 + Level 4.8 Ranged Weapons
 + Level 3.5 Dodging
 - Level 2.0 Stealth


You had 5 spell levels left.
You didn't know any spells.
Your spell library contained the following spells:

 Spells                   Type           Power      Damage    Failure   Level
 Necrotise                Necr           0%         1d4       45%         1
 Ensorcelled Hibernation  Hex/Ice        0%         N/A       61%         2
 Fugue of the Fallen      Necr           0%         N/A       83%         3
 Hailstorm                Conj/Ice       0%         3d5       83%         3
 Summon Ice Beast         Ice/Summ       0%         N/A       83%         3
 Vampiric Draining        Necr           0%         2d6       83%         3
 Anguish                  Hex/Necr       0%         N/A       99%         4
 Martyr's Knell           Necr/Summ      0%         N/A       99%         4
 Curse of Agony           Necr           0%         N/A       100%        5
 Permafrost Eruption      Ice/Erth       0%         2x4d1     100%        6
 Sculpt Simulacrum        Ice/Alch       0%         N/A       100%        6


Dungeon Overview and Level Annotations

Branches:
Dungeon (6/15)              Sewer (visited)
 Temple: D:4-7

Altars:


Innate Abilities, Weirdness & Mutations

You can wield a second weapon in your off-hand.
It takes a long time for you to wield or remove held weapons.
Your first few attacks do less damage.
You cannot equip rings or amulets.


Message History

The iguana is moderately wounded.
The iguana misses you.
You shoot a sling bullet. The sling bullet hits the iguana.
The iguana is moderately wounded.
The iguana closely misses you.
You shoot a sling bullet.
The sling bullet barely misses the iguana.
The iguana bites you!
You shoot a sling bullet.
The sling bullet barely misses the iguana.
The iguana barely misses you. The iguana closely misses you.
You shoot a sling bullet. The sling bullet hits the iguana.
The iguana is heavily wounded.
The iguana bites you.
You shoot a sling bullet. The sling bullet hits the iguana.
The iguana is severely wounded.
The iguana bites you!
You are too injured to fight recklessly!
You shoot a sling bullet.
The sling bullet closely misses the iguana.
The iguana bites you but does no damage.
You shoot a sling bullet.
The sling bullet barely misses the iguana.
The iguana bites you!
* * * LOW HITPOINT WARNING * * *
The iguana completely misses you.
Okay, then.
It was a potion of brilliance.
You feel clever all of a sudden. The iguana closely misses you.
It was a potion of resistance.
You feel protected. The iguana bites you.
* * * LOW HITPOINT WARNING * * *
Unknown command.
You aren't carrying any items that you can evoke.
You shoot a sling bullet.
The sling bullet barely misses the iguana.
The iguana bites you!
You die...

####+ ####...
#...... #......
#.....####
#........#
#........#
#...l@...#
######...# #...#
#...#
######...###
#..........#
#..........#
#..........###
#...............


You could see an iguana.

Vanquished Creatures
  A crocodile (Sewer)
  A brain worm (Sewer)
  A hound (D:6)
  Terence (D:2)
  5 adders
  A river rat (D:3)
  2 dart slugs
  A ribbon worm (D:2)
  5 ball pythons
  6 endoplasms
  5 giant cockroaches
  6 goblins
  4 hobgoblins
  9 kobolds
  5 quokkas
  11 bats
  4 frilled lizards
  5 rats
73 creatures vanquished.

Notes
Turn   | Place    | Note
-------+----------+-------------------------------------------
     0 | D:1      | bananaken the Coglin Hunter began the quest for the Orb.
     0 | D:1      | Reached XP level 1. HP: 16/16 MP: 1/1
   123 | D:1      | Reached skill level 1 in Stealth
   140 | D:1      | Reached XP level 2. HP: 22/22 MP: 2/2
   289 | D:1      | Reached XP level 3. HP: 28/28 MP: 3/3
  1105 | D:2      | Reached XP level 4. HP: 34/34 MP: 4/4
  1197 | D:2      | Noticed Terence
  1207 | D:2      | Killed Terence
  1541 | D:3      | Reached XP level 5. HP: 14/41 MP: 5/5
  1649 | D:3      | Found a glowing drain.
  1656 | Sewer    | Entered a sewer
  1780 | Sewer    | Noticed a crocodile
  1793 | Sewer    | Killed a crocodile
  1794 | Sewer    | Reached XP level 6. HP: 48/48 MP: 6/6
  2016 | D:3      | You fall into a shaft and drop 3 floors!
  2105 | D:5      | Entered Level 5 of the Dungeon
  2149 | D:5      | Slain by an iguana

Illustrated notes

Levels and vault maps discovered:
D:1:      lemuel_arrival_cross, layout_loops_ring
D:2:      layout_basic, uniq_terence
D:3:      layout_loops_ring, gup_sewer_entry_spiral, kennysheep_generic_room_10
D:5:      layout_basic, mainiacjoe_overflow_alcove_2
D:6:      layout_rooms, grunt_temple_overflow_champion_of_chaos,
          kennysheep_generic_room_14

Skill      XL: |  1  2  3  4  5  6 |
---------------+-------------------+-----
Stealth        | 1 2 |  2.0
Dodging        | 2 3 |  3.5
Ranged Weapons | 4 |  4.8
Fighting       | 3 4 |  4.0

Action                     |  1- 3 |  4- 6 || total
---------------------------+-------+-------++-------
  Melee: Dagger            |       |     3 ||     3
         Sling             |       |     3 ||     3
   Fire: Sling             |   168 |   143 ||   311
    Use: Scroll            |       |    11 ||    11
         Potion            |       |     8 ||     8
 Armour: Leather armour    |     8 |    66 ||    74
  Dodge: Dodged            |    18 |    67 ||    85

Table legend: (Time is in decaauts)
 A = Elapsed time spent in this place.
 B = Non-inter-level travel time spent in this place.
 C = Inter-level travel time spent in this place.
 D = Time resting spent in this place.
 E = Time spent auto-exploring this place.
 F = Levels seen in this place.
 G = Mean time per level.
                   A        B        C        D        E       F      G
               +--------+--------+--------+--------+--------+-----+--------+
         Total |   2248 |   2139 |    109 |    183 |   1375 |   6 |  374.7 |
       Dungeon |   2042 |   1933 |    109 |    142 |   1278 |   5 |  408.4 |
         Sewer |    206 |    206 |      0 |     41 |     97 |   1 |  206.0 |
               +--------+--------+--------+--------+--------+-----+--------+

Top non-repeatable levels by time:
     D:2: 771 daAuts
     D:1: 635 daAuts
     D:3: 497 daAuts
   Sewer: 206 daAuts
     D:6: 91 daAuts
     D:5: 46 daAuts
